 Dungeon Crawl Stone Soup version 0.31-a0-986-g5e6e4ef867 (webtiles) character file.

Game seed: 12192791025384265862

9 croobank the Sneak (level 1, -4/18 HPs)
             Began as a Demigod Delver on Nov 10, 2023.
             Slain by Jeremiah
             ... wielding a +4 vampiric trident
              (10 damage)
             ... on level 7 of the Dungeon.
             The game lasted 00:05:04 (202 turns).

croobank the Sneak (Demigod Delver)                  Turns: 202, Time: 00:05:05

Health: -4/18      AC:  4    Str: 13    XL:     1   Next: 86%
Magic:  3/3        EV: 12    Int: 12    God:
Gold:   0          SH:  0    Dex: 15    Spells: 0/0 levels left

rFire   . . .        a - +0 short sword
rCold   . . .        (no shield)
rNeg    . . .        b - +0 leather armour
rPois   .            e - +0 helmet
rElec   .            (no cloak)
rCorr   .            (no gloves)
SInv    .            (no boots)
Will    .....        (no amulet)
Stlth   +++          (no ring)
HPRegen 0.23/turn    (no ring)
MPRegen 0.08/turn

%: no passive effects
@: no status effects
A: high MP 1, forlorn, divine attributes
a: no special abilities


You were on level 7 of the Dungeon.
You visited 1 branch of the dungeon, and saw 3 of its levels.

Inventory:

Hand Weapons
 a - a +0 short sword (weapon)
Armour
 b - a +0 leather armour (worn)
 e - a +0 helmet (worn)
Wands
 g - a wand of digging (3)
Scrolls
 c - a scroll of fog
 d - a scroll of revelation
 h - a scroll of identify {unknown}
Potions
 f - a potion of haste


   Skills:
 + Level 2.8 Fighting
 + Level 2.0 Short Blades
 + Level 2.0 Dodging
 + Level 4.6 Stealth


You couldn't memorise any spells.
You didn't know any spells.
Your spell library was empty.

Dungeon Overview and Level Annotations

Branches:
Dungeon (7/15)
 Temple: D:4-7

Annotations:
D:6 Dowan, Duvessa
D:7 Jeremiah


Innate Abilities, Weirdness & Mutations

You have an increased reservoir of magic. (+10% MP)
You shall have no god before yourself.
Your divine heritage dramatically boosts your attributes as you level up.


Message History

There is a stone staircase leading down here.
No quiver actions available for cycling.
Use [Q] to select from all actions.
You climb downwards.
There is a stone staircase leading up here.
An adder comes into view.
The helpless adder fails to defend itself.
You puncture the adder!
You kill the adder!
Your Short Blades skill increases to level 2!
Your Dodging skill increases to level 2!
You see here an adder corpse.
Found a helmet.
You see here a +0 helmet.
You start putting on your armour.
You continue putting on your +0 helmet. x4
You finish putting on your +0 helmet.
Found a stone staircase leading down.
Found a gold piece.
Found a jewelled ivory wand.
h - a scroll labelled ADWONAI MIOXI Dowan, Brother of Duvessa comes into view.
He is wielding a +0 dagger.
There is a stone staircase leading down here.
Dowan shouts!
Dowan gestures wildly while chanting.
Dowan blinks!
You climb downwards.
You hear the roar of battle.
There is an entrance to a bailey on this level.
Hurry and find it before the portal closes forever!
You hear the roar of battle.
There is an entrance to a bailey on this level.
Hurry and find it before the portal closes forever!
Welcome back, croobank the Demigod Delver.
Press ? for a list of commands and other information.
Found a jewelled ivory wand.
Found a stone staircase leading up.
Jeremiah, Barachi Dreamer comes into view.
They are wielding a +4 vampiric trident and wearing an orb of energy.
Jeremiah hops!
Jeremiah hits you from afar with a +4 vampiric trident!
Ouch! That really hurt!
Jeremiah hits you with a +4 vampiric trident!
Ouch! That really hurt!
You die...
Jeremiah wails, "I didn't mean to kill anyone!
I'm not a murderer!"

.. #.. ###..
## ##.... .###
#.... .....
##b..##..###
###.bF.......#
#....b@.# ....
##...b..##...#
###...b#...##
##..b......#
#...bb.#....
###....# #.#
#..<.# #
#...........
#........##.


You could see Jeremiah.

Vanquished Creatures
  An adder (D:6)
1 creature vanquished.

Notes
Turn   | Place    | Note
-------+----------+-------------------------------------------
     0 | D:5      | croobank the Demigod Delver began the quest for the Orb.
     0 | D:5      | Reached XP level 1. HP: 18/18 MP: 3/3
    34 | D:6      | Noticed a hound
   195 | D:6      | Noticed Dowan
   196 | D:6      | Noticed an iguana
   196 | D:6      | Noticed Duvessa
   197 | D:7      | Noticed Jeremiah
   202 | D:7      | Slain by Jeremiah

Illustrated notes

Levels and vault maps discovered:
D:5:      layout_basic, nicolae_inconvenience_store
D:6:      layout_loops_cross, nicolae_ru_great_annihilating_truth,
          jmf_multi_god_temple2, dreamdust_wishing_well, st_stairs_2,
          uniq_duvessa
D:7:      layout_cave_pools, elyvilon_altar_1, serial_shops, shop,
          enter_bailey_5, lightli_church_of_beogh, uniq_jeremiah

Skill      XL: |  1 |
---------------+----+-----
Short Blades   | 2 |  2.0
Dodging        | 2 |  2.0
Fighting       | |  2.8
Stealth        | |  4.6

Action                     || total
---------------------------++-------
  Melee: Short sword       ||    13
    Use: Scroll            ||     1
   Stab: Sleeping          ||     1
 Armour: Leather armour    ||     7
  Dodge: Dodged            ||     6

Table legend: (Time is in decaauts)
 A = Elapsed time spent in this place.
 B = Non-inter-level travel time spent in this place.
 C = Inter-level travel time spent in this place.
 D = Time resting spent in this place.
 E = Time spent auto-exploring this place.
 F = Levels seen in this place.
 G = Mean time per level.
                   A        B        C        D        E       F      G
               +--------+--------+--------+--------+--------+-----+--------+
         Total |    200 |    200 |      0 |     51 |     70 |   3 |   66.7 |
       Dungeon |    200 |    200 |      0 |     51 |     70 |   3 |   66.7 |
               +--------+--------+--------+--------+--------+-----+--------+

Top non-repeatable levels by time:
     D:6: 156 daAuts
     D:5: 39 daAuts
     D:7: 5 daAuts
